 Dungeon Crawl Stone Soup version 0.23.3 (webtiles) character file.

Game seed: 15531221569256801548

191771 MordorOrchid the Timeless (level 18, -7/140 HPs)
             Began as a Gnoll Necromancer on Mar 27, 2020.
             Was a High Priest of Cheibriados.
             Killed from afar by Mara (illusionary) (64 damage)
             ... with a bolt of fire
             ... on level 2 of the Vaults on Mar 28, 2020.
             The game lasted 03:50:29 (20174 turns).

MordorOrchid the Timeless (Gnoll Necromancer)      Turns: 20174, Time: 03:50:29

Health: -7/140     AC: 37    Str: 25      XL:     18   Next: 21%
Magic:  28/52      EV: 14    Int: 44 (45) God:    Cheibriados [*****.]
Gold:   1177       SH: 10    Dex: 30      Spells: 10/42 levels left

rFire    . . .     SeeInvis +   x - staff of energy
rCold    . . .     Gourm    .   n - +1 buckler
rNeg     . . .     Faith    .   C - +8 orange crystal plate armour {Archmagi, Int+3 Clar}
rPois    .         Spirit   .   l - +0 helmet {Int+3}
rElec    .         Reflect  .   g - +1 cloak {MR+}
rCorr    .         Harm     .   N - +2 pair of gloves {archery}
MR       +++..     Clarity  +   E - +0 pair of boots "Inotuc" {MP+9 Stlth+}
Stlth    ..........             o - amulet of magic regeneration
HPRegen  1.33/turn              R - ring of magical power
MPRegen  0.58/turn              J - ring of see invisible

@: very slightly contaminated, regenerating, drained, very slow
A: distributed training, fangs 1, blink, magic resistance 1, strong nose
}: 1/15 runes: barnacled
a: Blink, Bend Time, Temporal Distortion, Slouch, Step From Time, Renounce
Religion


You were on level 2 of the Vaults.
You worshipped Cheibriados.
Cheibriados was extremely pleased with you.
You were not hungry.

You visited 5 branches of the dungeon, and saw 30 of its levels.
You also visited: Bailey and Ice Cave.

You collected 2901 gold pieces.
You spent 1724 gold pieces at shops.

Inventory:

Hand Weapons
 a - a +7 long sword of freezing
 f - the +5 mace of Tizxin {pain, rF++ Int-2 Dex+2}
   (You found it on level 6 of the Dungeon)

   In the hands of one skilled in necromantic magic, it inflicts extra damage on
   living creatures.
   It affects your intelligence (-2).
   It affects your dexterity (+2).
   It greatly protects you from fire.
 p - a +4 demon trident of freezing
 I - a +0 blowgun
Missiles
 u - 45 tomahawks
 w - 5 throwing nets
 z - 14 poisoned javelins (quivered)
 P - 5 steel tomahawks
Armour
 g - a +1 cloak of magic resistance (worn)
 l - a +0 helmet of intelligence (worn)
 n - a +1 buckler (worn)
 C - the +8 orange crystal plate armour (worn) {Archmagi, Int+3 Clar}
   (You found it on level 4 of the Shoals)

   It affects your intelligence (+3).
   It protects you against confusion.
 D - a +2 chain mail of poison resistance
 E - the +0 pair of boots "Inotuc" (worn) {MP+9 Stlth+}
   (You acquired it on level 13 of the Dungeon)

   It affects your magic capacity (+9).
   It makes you more stealthy.
 N - a +2 pair of gloves of archery (worn)
Magical Staves
 x - an uncursed staff of energy (weapon)
Jewellery
 o - an amulet of magic regeneration (around neck)
 J - a ring of see invisible (right hand)
 M - an uncursed ring of wizardry
 R - a ring of magical power (left hand)
 U - the ring of the Heavens {+Fly rF- rC+ rN+++ MR+}
   (You found it on level 11 of the Dungeon)

   [ring of flight]

   It makes you vulnerable to fire.
   It protects you from cold.
   It renders you almost immune to negative energy.
   It affects your resistance to hostile enchantments.
   It lets you fly.
Wands
 b - a wand of clouds (7)
 d - a wand of disintegration (33)
 m - a wand of acid (25)
 s - a wand of enslavement (18)
 F - a wand of scattershot (1)
 L - a wand of iceblast (21)
 O - a wand of paralysis (27)
 Y - a wand of digging (3)
Scrolls
 k - 2 scrolls of fog
 r - 2 scrolls of blinking
 t - a scroll of acquirement
 y - 2 scrolls of noise
 B - 4 scrolls of magic mapping
 G - 6 scrolls of teleportation
 K - 2 scrolls of immolation
 S - 6 scrolls of remove curse
 T - 7 scrolls of identify
Potions
 h - a potion of brilliance
 i - 2 potions of resistance
 j - 2 potions of lignification
 v - 7 potions of heal wounds
 A - 2 potions of might
 Q - 6 potions of agility
 V - 9 potions of curing
 Z - a potion of ambrosia
Miscellaneous
 e - a lamp of fire (inert)
 q - a phial of floods (inert)
Comestibles
 c - 50 rations


   Skills:
 + Level 11.8(10.9) Fighting
 + Level 11.8(10.9) Short Blades
 + Level 11.8(10.9) Long Blades
 + Level 11.8(10.9) Axes
 + Level 11.8(10.9) Maces & Flails
 + Level 11.8(10.9) Polearms
 + Level 11.8(10.9) Staves
 + Level 11.8(10.9) Slings
 + Level 11.8(10.9) Bows
 + Level 11.8(10.9) Crossbows
 + Level 11.8(10.9) Throwing
 + Level 11.8(10.9) Armour
 + Level 12.6(11.6) Dodging
 + Level 12.4(11.4) Stealth
 + Level 11.8(10.9) Shields
 + Level 11.8(10.9) Unarmed Combat
 + Level 12.7(11.7) Spellcasting
 + Level 10.1(9.2) Conjurations
 + Level 10.1(9.2) Hexes
 + Level 10.1(9.2) Charms
 + Level 10.1(9.2) Summonings
 + Level 12.1(11.1) Necromancy
 + Level 10.1(9.2) Translocations
 + Level 10.1(9.2) Transmutations
 + Level 10.1(9.2) Fire Magic
 + Level 10.1(9.2) Ice Magic
 + Level 10.1(9.2) Air Magic
 + Level 10.1(9.2) Earth Magic
 + Level 10.1(9.2) Poison Magic
 + Level 12.8(11.8) Invocations
 + Level 11.8(10.9) Evocations


You had 10 spell levels left.
You knew the following spells:

 Your Spells              Type           Power        Failure   Level  Hunger
a - Pain                  Necr           ####         1%          1    None
b - Animate Dead          Necr           N/A          4%          4    None
c - Conjure Flame         Conj/Fire      ########     3%          3    None
d - Tukima's Dance        Hex            ########     3%          3    None
e - Confuse               Hex            ########     3%          3    None
f - Airstrike             Air            ########..   11%         4    None
g - Mephitic Cloud        Conj/Pois/Air  ########     3%          3    None
k - Regeneration          Chrm/Necr      ########..   1%          3    None
s - Summon Ice Beast      Ice/Summ       ########     11%         4    None
u - Animate Skeleton      Necr           N/A          1%          1    None
v - Vampiric Draining     Necr           ########..   1%          3    None

Your spell library contained the following spells:

 Spells                   Type           Power        Failure   Level  Hunger
 Corona                   Hex            #######      1%          1    None
 Freeze                   Ice            ####         1%          1    None
 Magic Dart               Conj           ####         1%          1    None
 Shock                    Conj/Air       ####         1%          1    None
 Blink                    Tloc           N/A          1%          2    None
 Call Imp                 Summ           ########     1%          2    None
 Ensorcelled Hibernation  Hex/Ice        ######       1%          2    None
 Slow                     Hex            ########     1%          2    None
 Swiftness                Chrm/Air       ########     1%          2    None
 Throw Frost              Conj/Ice       ######       1%          2    None
 Dazzling Spray           Conj/Hex       ######       3%          3    None
 Ozocubu's Armour         Chrm/Ice       ########     3%          3    None
 Static Discharge         Conj/Air       ########     3%          3    None
 Cause Fear               Hex            ########..   11%         4    None
 Throw Icicle             Conj/Ice       ########     11%         4    None
 Lightning Bolt           Conj/Air       ########..   28%         5    None
 Silence                  Hex/Air        ########..   28%         5    None
 Yara's Violent Unravell  Hex/Tmut       ########..   28%         5    None
 Deflect Missiles         Chrm/Air       ########..   85%         6    None
 Discord                  Hex            ########..   100%        8    None


Dungeon Overview and Level Annotations

Branches:
Dungeon (15/15)            Temple (0/1) D:5            Lair (6/6) D:11
 Shoals (4/4) Lair:2        Snake (0/4) Lair:4        Slime (0/5) Lair:5
    Orc (2/2) D:10            Elf (0/3) Orc:2        Vaults (3/5) D:14
 Depths (0/5) D:15
  Crypt: Vaults:2-3

Altars:
Ashenzari
Cheibriados
Gozag
Kikubaaqudgha
Makhleb
Nemelex Xobeh
Okawaru
Qazlal
Ru
Sif Muna
Vehumet
Wu Jian
Xom
Zin
The Shining One
Beogh
Jiyva

Shops:
D:4 [   D:10 !   D:13 !   Orc:2 =[}[*

Portals:
Hell: Lair:6
Trove: D:13 (give 5 potions of resistance)

Annotations:
Lair:1 1 runed translucent door, sneaky's ghost, journeyman DDFi
Shoals:3 1 transporter
Vaults:2 Mara


Innate Abilities, Weirdness & Mutations

Your experience applies equally to all skills.
You have very sharp teeth.
Your uncanny sense of smell can sniff out nearby items.
You can translocate small distances at will.
You are resistant to hostile enchantments. (MR+)


Message History

Unknown command.
Unknown command.
Evoke which item? (* to show all) (? for menu, Esc to quit)
Aiming: Scattershot
Press: ? - help, Shift-Dir - straight line The burst of metal fragments hits Mara but does no damage.
The burst of metal fragments hits Mara. x4
The burst of metal fragments hits Mara!
You kill Mara!
The burst of metal fragments hits Mara but does no damage.
Mara is almost dead.
MordorOrchid's illusion is heavily wounded.
Mara says, "I mislead the hearts of men!"
Mara hits you but does no damage.
You feel drained.
Unknown command.
Unknown command.
MordorOrchid's illusion is no longer moving slowly.
Mara gestures at you. The bolt of fire hits you!!!
You die...

#....#.>....# #...
#....#......# #...
#....#......# #...
#....#......# #...
#....'......# #...
#....######## #...
#....####################
#....§§@........))).....)
#.§§°R§R@..)..))...)....)
#○§§#####''##########'###
#().# ##.)# ### #.....
#)..# ##..## #..# #.##.#
#...###..## ...##.##.#
#...##..## #..#..Z..
#...##.## #.#)##.#
#...##.# ##.'.##.#
#...##.. ##.)#.....


You could see 2 Maras and MordorOrchid's illusion.

Vanquished Creatures
  Nikola (Vaults:2)
  2 Ice Fiends (IceCv)
  A deep elf sorcerer (Vaults:2)
  A frost giant (Shoals:4)
  Aizul (Shoals:2)
  4 vault wardens
  4 ironheart preservers
  A deep elf demonologist (Vaults:2)
  2 dire elephants
  An ettin (Vaults:2)
  A merfolk javelineer (Shoals:4)
  12 merfolk impalers
  A crystal guardian (Vaults:2)
  A deep elf death mage (Vaults:2)
  3 yaktaur captains
  A slime creature (Vaults:1)
  5 vault guards
  9 hydras
  3 merfolk avatars (Shoals:4)
  A death knight (D:14)
  An alligator snapping turtle (Shoals:4)
  5 ogre magi
  4 centaur warriors
  2 merfolk aquamancers (Shoals:4)
  16 two-headed ogres
  3 death yaks (Lair:6)
  2 deep troll shamans (Vaults:2)
  3 deep elf knights (Vaults:1)
  6 orc high priests (Orc:2)
  3 unseen horrors
  A skeletal warrior (Vaults:1)
  A flayed ghost (Vaults:1)
  A kraken simulacrum (Shoals:4)
  5 sea snakes
  A deep elf archer (Vaults:2)
  4 deep trolls
  16 orc knights
  9 ironbrand convokers
  A necromancer (Vaults:1)
  8 ugly things
  An oklob plant (Lair:4)
  A wolf spider zombie (D:15)
  7 orc sorcerers
  A salamander (D:15)
  A wolf spider (Vaults:1)
  6 cyclopes
  4 deep elf magi
  12 manticores
  6 elephants
  Joseph (D:7)
  2 ice statues (IceCv)
  3 black mambas
  2 merfolk sirens
  3 water nymphs
  4 vault sentinels
  5 spiny frogs
  2 rime drakes (Lair:6)
  7 komodo dragons
  A freezing wraith (D:15)
  5 yaktaurs (Vaults:1)
  A hellwing (Lair:6)
  15 ice devils
  9 merfolk
  2 tengu conjurers (D:15)
  3 trolls
  A red devil (Lair:6)
  3 hornets
  A harpy zombie (D:14)
  2 wind drakes
  2 polar bears (Lair:3)
  10 dream sheep
  3 blink frogs
  A hippogriff (shapeshifter) (D:15)
  9 hippogriffs
  4 snapping turtles
  3 water elementals
  A vampire (D:14)
  3 wraiths
  2 shadows
  A spriggan (D:7)
  2 wyverns
  4 basilisks
  38 yaks
  A human (shapeshifter) (Vaults:1)
  2 hungry ghosts
  A golden eye (shapeshifter) (D:15)
  2 hogs (Lair:5)
  3 vampire mosquitoes
  A naga (Lair:4)
  5 wargs
  A soldier ant (D:12)
  4 hell hounds (Lair:6)
  12 water moccasins
  2 floating eyes (shapeshifter)
  A swamp drake (D:9)
  5 porcupines
  5 sky beasts
  5 ice beasts
  51 orc warriors
  A phantom (D:12)
  A black bear (Lair:3)
  A necrophage (D:15)
  2 eyes of draining
  7 wolves
  14 centaurs
  19 ogres
  5 boggarts (D:15)
  10 crocodiles
  A big kobold (D:9)
  A wyvern zombie (D:12)
  10 bullfrogs
  A wyvern skeleton (D:13)
  4 scorpions
  14 killer bees
  An electric eel (Lair:3)
  3 howler monkeys
  13 wights
  7 crimson imps
  3 centaur zombies
  4 jellies
  2 quasits
  22 orc priests
  4 hounds
  2 iron imps
  3 centaur skeletons
  37 orc wizards
  3 bullfrog skeletons
  4 iguanas
  9 worker ants
  4 hound skeletons
  A howler monkey zombie (D:8)
  4 gnolls (D:3)
  13 adders
  2 shadow imps
  7 white imps
  6 ufetubi (IceCv)
  An adder zombie (D:5)
  An adder skeleton (D:5)
  A worm (D:4)
  A dart slug (D:2)
  6 leopard geckos
  87 orcs
  5 giant cockroaches
  6 goblins
  4 hobgoblins
  4 jackals (D:3)
  6 quokkas
  3 ball pythons
  7 bats
  5 frilled lizards
  2 jackal zombies
  8 kobolds
  A quokka zombie (D:7)
  6 rats
  A fungus (Lair:5)
842 creatures vanquished.

Vanquished Creatures (collateral kills)
  Kirke (Lair:5)
  A war gargoyle (Vaults:1)
  An ironheart preserver (Vaults:2)
  A fire dragon (Vaults:1)
  A merfolk impaler (Shoals:2)
  A vault guard (D:14)
  2 yaktaur captains (Vaults:1)
  3 hydras
  An alligator snapping turtle (Shoals:4)
  Erolcha (D:13)
  2 merfolk aquamancers
  3 merfolk avatars
  9 two-headed ogres
  A centaur warrior (D:13)
  A satyr (Shoals:4)
  A sun demon (Lair:6)
  2 deep elf knights
  2 glowing orange brains
  2 sea snakes
  A deep troll (Vaults:2)
  2 ironbrand convokers (Vaults:1)
  A wizard (Lair:6)
  A wolf spider (D:15)
  4 orc knights
  A cyclops (Shoals:4)
  4 deep elf magi
  4 ugly things (Vaults:1)
  Maurice (D:13)
  3 manticores
  A centaur zombie (D:15)
  An elephant (Lair:5)
  3 black mambas (Lair:5)
  A water nymph (Shoals:4)
  2 orange demons (Lair:6)
  A gargoyle (D:15)
  2 spiny frogs (Lair:5)
  3 yaktaurs (Vaults:2)
  A freezing wraith (Vaults:2)
  3 komodo dragons
  A polar bear (Lair:5)
  6 merfolk
  A troll (D:13)
  A blink frog (shapeshifter) (Vaults:1)
  5 blink frogs
  4 dream sheep
  2 snapping turtles (Shoals:4)
  7 slime creatures
  4 hippogriffs
  A centaur simulacrum (D:15)
  9 yaks
  A hog (Lair:5)
  A soldier ant (D:13)
  A naga (Lair:4)
  5 water moccasins
  2 porcupines (Lair:1)
  A hell hound (Lair:6)
  3 orc warriors
  3 ogres
  3 wolves
  4 crocodiles
  A big kobold (D:11)
  2 bullfrogs
  5 killer bees
  A wight (D:12)
  A howler monkey (D:9)
  3 crimson imps
  2 hounds (D:11)
  A quasit (D:8)
  4 orc priests
  2 jellies
  5 orc wizards
  A worker ant (D:5)
  2 shadow imps
  A worm (D:3)
  25 orcs
  6 kobolds
  A rat (D:3)
  6 fungi
  3 plants
213 creatures vanquished.

Vanquished Creatures (others)
  An elephant (Lair:2)
  A rime drake (Lair:6)
  2 dancing weapons (Bailey)
  A wraith (D:11)
  2 yaks
  A warg (Orc:2)
  A centaur (D:11)
  An orc wizard (D:9)
  2 white imps (IceCv)
  4 ufetubi (IceCv)
  3 orcs (D:9)
  16 fungi
  10 plants
  9 tentacles (Shoals:4)
54 creatures vanquished.

Grand Total: 1109 creatures vanquished

Notes
Turn   | Place    | Note
-------+----------+-------------------------------------------
     0 | D:1      | MordorOrchid the Gnoll Necromancer began the quest for the
                  | Orb.
     0 | D:1      | Reached XP level 1. HP: 13/13 MP: 6/6
    90 | D:1      | Learned a level 1 spell: Animate Skeleton
   168 | D:1      | You fall through a shaft!
   168 | D:2      | Found a shimmering altar of Xom.
   168 | D:2      | Found a shimmering altar of Xom.
   168 | D:2      | Found a shimmering altar of Xom.
   169 | D:2      | Found a shimmering altar of Xom.
   175 | D:2      | Reached XP level 2. HP: 7/19 MP: 5/7
   390 | D:2      | Found a shimmering altar of Xom.
   648 | D:2      | Noticed an ice beast
   664 | D:2      | Gained mutation: You can translocate small distances at
                  | will. [potion of mutation]
   664 | D:2      | Gained mutation: You are dopey. (Int -2) [potion of
                  | mutation]
   664 | D:2      | Lost mutation: You are dopey. (Int -2) [potion of mutation]
   664 | D:2      | Gained mutation: You are resistant to hostile enchantments.
                  | (MR+) [potion of mutation]
   674 | D:2      | Killed an ice beast
   674 | D:2      | Reached skill level 1 in Fighting
   674 | D:2      | Reached skill level 1 in Short Blades
   674 | D:2      | Reached skill level 1 in Long Blades
   674 | D:2      | Reached skill level 1 in Axes
   674 | D:2      | Reached skill level 1 in Maces & Flails
   674 | D:2      | Reached skill level 1 in Polearms
   674 | D:2      | Reached skill level 1 in Staves
   674 | D:2      | Reached skill level 1 in Slings
   674 | D:2      | Reached skill level 1 in Bows
   674 | D:2      | Reached skill level 1 in Crossbows
   674 | D:2      | Reached skill level 1 in Throwing
   674 | D:2      | Reached skill level 1 in Armour
   674 | D:2      | Reached skill level 1 in Shields
   674 | D:2      | Reached skill level 1 in Unarmed Combat
   674 | D:2      | Reached skill level 5 in Spellcasting
   674 | D:2      | Reached skill level 1 in Conjurations
   674 | D:2      | Reached skill level 1 in Hexes
   674 | D:2      | Reached skill level 1 in Charms
   674 | D:2      | Reached skill level 1 in Summonings
   674 | D:2      | Reached skill level 1 in Translocations
   674 | D:2      | Reached skill level 1 in Transmutations
   674 | D:2      | Reached skill level 1 in Fire Magic
   674 | D:2      | Reached skill level 1 in Ice Magic
   674 | D:2      | Reached skill level 1 in Air Magic
   674 | D:2      | Reached skill level 1 in Earth Magic
   674 | D:2      | Reached skill level 1 in Poison Magic
   674 | D:2      | Reached skill level 1 in Invocations
   674 | D:2      | Reached skill level 1 in Evocations
   674 | D:2      | Reached XP level 3. HP: 26/26 MP: 7/9
   674 | D:2      | Reached XP level 4. HP: 32/32 MP: 8/11
   722 | D:2      | Learned a level 3 spell: Vampiric Draining
   726 | D:2      | Learned a level 3 spell: Regeneration
   731 | D:2      | Learned a level 4 spell: Animate Dead
   909 | D:2      | Reached XP level 5. HP: 35/37 MP: 12/12
  1287 | D:3      | Found a faded altar of an unknown god.
  1462 | D:3      | Found a glowing golden altar of the Shining One.
  1574 | D:3      | Found a snail-covered altar of Cheibriados.
  1584 | D:3      | Became a worshipper of Cheibriados the Contemplative
  1959 | D:4      | Reached XP level 6. HP: 30/44 MP: 13/13
  2090 | D:4      | Found Pemileps's Armour Boutique.
  2101 | D:4      | Reached * piety under Cheibriados
  2101 | D:4      | Reached skill level 5 in Dodging
  2466 | D:4      | Reached XP level 7. HP: 39/50 MP: 11/15
  2481 | D:4      | Learned a level 3 spell: Confuse
  2640 | D:4      | Reached skill level 5 in Stealth
  2747 | D:5      | Entered Level 5 of the Dungeon
  3039 | D:5      | Reached ** piety under Cheibriados
  3065 | D:5      | Reached XP level 8. HP: 53/57 MP: 11/16
  3190 | D:5      | Found a staircase to the Ecumenical Temple.
  3520 | D:6      | Found a radiant altar of Vehumet.
  3577 | D:6      | Identified Vehumet's Grimoire of Confrontation
  3581 | D:6      | Learned a level 1 spell: Shock
  3586 | D:6      | Found an ancient bone altar of Kikubaaqudgha.
  3604 | D:6      | Found a deep blue altar of Sif Muna.
  3678 | D:6      | Got a dazzling mace
  3804 | D:6      | Found a stormy altar of Qazlal.
  3835 | D:6      | Found an ornate altar of the Wu Jian Council.
  3854 | D:6      | Identified the +5 mace of Tizxin {pain, rF++ Int-2 Dex+2}
                  | (You found it on level 6 of the Dungeon)
  3931 | D:6      | Reached *** piety under Cheibriados
  3983 | D:6      | Learned a level 3 spell: Tukima's Dance
  4085 | D:7      | Reached XP level 9. HP: 44/65 MP: 18/18
  4423 | D:7      | Found a burning altar of Makhleb.
  4466 | D:7      | Noticed Joseph
  4553 | D:7      | Found an opulent altar of Gozag.
  4619 | D:7      | Killed Joseph
  4709 | D:8      | Reached **** piety under Cheibriados
  4966 | D:8      | Noticed a two-headed ogre
  4980 | D:8      | Killed a two-headed ogre
  4980 | D:8      | Reached skill level 5 in Invocations
  4980 | D:8      | Reached XP level 10. HP: 62/73 MP: 20/20
  5075 | D:8      | Found an iron altar of Okawaru.
  5076 | D:8      | Found a shattered altar of Ashenzari.
  5264 | D:9      | Reached skill level 5 in Fighting
  5264 | D:9      | Reached skill level 5 in Short Blades
  5264 | D:9      | Reached skill level 5 in Long Blades
  5264 | D:9      | Reached skill level 5 in Axes
  5264 | D:9      | Reached skill level 5 in Maces & Flails
  5264 | D:9      | Reached skill level 5 in Polearms
  5264 | D:9      | Reached skill level 5 in Staves
  5264 | D:9      | Reached skill level 5 in Slings
  5264 | D:9      | Reached skill level 5 in Bows
  5264 | D:9      | Reached skill level 5 in Crossbows
  5264 | D:9      | Reached skill level 5 in Throwing
  5264 | D:9      | Reached skill level 5 in Armour
  5264 | D:9      | Reached skill level 5 in Shields
  5264 | D:9      | Reached skill level 5 in Unarmed Combat
  5264 | D:9      | Reached skill level 5 in Evocations
  5279 | D:9      | Found a glowing silver altar of Zin.
  5318 | D:9      | Noticed a deep elf mage
  5342 | D:9      | Killed a deep elf mage
  5360 | D:9      | Noticed a deep elf mage
  5365 | D:9      | Killed a deep elf mage
  5397 | D:9      | Got a bloodstained hat
  5435 | D:9      | Identified the cursed +0 hat of Autumn {rN+ Str+5 Dex-4}
                  | (You found it on level 9 of the Dungeon)
  5515 | D:9      | Learned a level 3 spell: Mephitic Cloud
  5767 | D:10     | Entered Level 10 of the Dungeon
  5886 | D:10     | Reached ***** piety under Cheibriados
  5938 | D:10     | Found Suvoebl Ogea's Distillery.
  5941 | D:10     | Found a staircase to the Orcish Mines.
  5987 | D:10     | Noticed a two-headed ogre
  5998 | D:10     | Killed a two-headed ogre
  6031 | D:10     | Paralysed by a hornet for 1 turns
  6059 | D:10     | Found a flagged portal.
  6067 | D:10     | Reached XP level 11. HP: 68/81 MP: 22/22
  6105 | Bailey   | Entered a bailey
  6321 | Bailey   | Noticed an orc knight
  6331 | Bailey   | Killed an orc knight
  6399 | Bailey   | Got encrusted steam dragon scales
  6410 | Bailey   | Identified the +1 steam dragon scales of Satisfaction
                  | {Slay+2} (You found it in a bailey)
  6435 | Bailey   | Noticed an orc knight
  6440 | Bailey   | Killed an orc knight
  6440 | Bailey   | Reached skill level 5 in Conjurations
  6440 | Bailey   | Reached skill level 5 in Hexes
  6440 | Bailey   | Reached skill level 5 in Charms
  6440 | Bailey   | Reached skill level 5 in Summonings
  6440 | Bailey   | Reached skill level 5 in Translocations
  6440 | Bailey   | Reached skill level 5 in Transmutations
  6440 | Bailey   | Reached skill level 5 in Fire Magic
  6440 | Bailey   | Reached skill level 5 in Ice Magic
  6440 | Bailey   | Reached skill level 5 in Air Magic
  6440 | Bailey   | Reached skill level 5 in Earth Magic
  6440 | Bailey   | Reached skill level 5 in Poison Magic
  6592 | D:10     | Found a sparkling altar of Nemelex Xobeh.
  6764 | D:10     | Bought a potion of heal wounds for 70 gold pieces
  6764 | D:10     | Bought a potion of heal wounds for 70 gold pieces
  6764 | D:10     | Bought a potion of invisibility for 112 gold pieces
  6784 | D:11     | Noticed a red ugly thing
  6799 | D:11     | Killed a red ugly thing
  6828 | D:11     | Got a slimy pewter ring
  6844 | D:11     | Noticed a cyclops
  6861 | D:11     | Killed a cyclops
  6972 | D:11     | Noticed a centaur warrior
  6978 | D:11     | Killed a centaur warrior
  6984 | D:11     | Reached ****** piety under Cheibriados
  6999 | D:11     | Got a crude scale mail
  7108 | D:11     | Identified the +1 scale mail of Dim Light {Int+2} (You
                  | found it on level 11 of the Dungeon)
  7173 | D:11     | Found a staircase to the Lair.
  7206 | Lair:1   | Entered Level 1 of the Lair of Beasts
  7212 | Lair:1   | Identified the ring of the Heavens {+Fly rF- rC+ rN+++ MR+}
                  | (You found it on level 11 of the Dungeon)
  7328 | Lair:1   | Noticed a six-headed hydra
  7338 | Lair:1   | Killed a six-headed hydra
  7379 | Lair:1   | Learned a level 3 spell: Conjure Flame
  7459 | Lair:1   | Reached XP level 12. HP: 79/89 MP: 24/24
  7697 | Lair:1   | Found a runed translucent door.
  7704 | Lair:1   | Noticed sneaky's ghost (journeyman DDFi)
  7814 | Lair:2   | You fall through a shaft!
  7951 | Lair:2   | Noticed a four-headed hydra
  8020 | Lair:2   | Killed a four-headed hydra
  8239 | Lair:2   | Found a staircase to the Shoals.
  8486 | Lair:3   | Got a twisted leather armour
  8981 | Lair:4   | Learned a level 4 spell: Airstrike
  9201 | Lair:4   | Noticed a six-headed hydra
  9227 | Lair:4   | Killed a six-headed hydra
  9236 | Lair:4   | Reached XP level 13. HP: 29/98 MP: 22/26
  9291 | Lair:4   | Found a staircase to the Snake Pit.
  9357 | Lair:4   | Identified the +2 leather armour of Koskeffeck {rPois Int+2
                  | Stlth-} (You found it on level 3 of the Lair of Beasts)
  9528 | Lair:5   | Found a staircase to the Slime Pits.
  9529 | Lair:5   | Found a viscous altar of Jiyva.
  9869 | Lair:5   | Killed Kirke
 10170 | Lair:6   | Entered Level 6 of the Lair of Beasts
 10315 | Lair:5   | Reached skill level 10 in Necromancy
 10708 | Lair:6   | Reached skill level 10 in Spellcasting
 10717 | Lair:6   | Reached XP level 14. HP: 87/106 MP: 28/28
 10844 | Lair:6   | Noticed a dire elephant
 10856 | Lair:6   | Killed a dire elephant
 10987 | Lair:6   | Found a burning altar of Makhleb.
 11034 | Lair:6   | Reached skill level 10 in Dodging
 11146 | Lair:6   | Found a gateway to Hell.
 11465 | Orc:1    | Entered Level 1 of the Orcish Mines
 11684 | Orc:2    | Entered Level 2 of the Orcish Mines
 11860 | Orc:2    | Reached skill level 10 in Stealth
 11912 | Orc:2    | Found Gifichid's Jewellery Boutique.
 11920 | Orc:2    | Bought a cursed amulet of inaccuracy for 36 gold pieces
 11931 | Orc:2    | Found a staircase to the Elven Halls.
 12047 | Orc:1    | Found a roughly hewn altar of Beogh.
 12372 | Orc:2    | Reached skill level 10 in Invocations
 12814 | Orc:2    | Found Lyeqeaxt's Assorted Antiques.
 12814 | Orc:2    | Found Asoegguc's Armour Boutique.
 12815 | Orc:2    | Found Nadalo's Armour Boutique.
 12815 | Orc:2    | Found Pidom's Gadget Shop.
 12825 | Orc:2    | Bought a wand of paralysis (6) for 96 gold pieces
 12829 | Orc:2    | Bought a +2 chain mail of poison resistance for 296 gold
                  | pieces
 12843 | Orc:2    | Bought a lamp of fire for 480 gold pieces
 12848 | Orc:2    | Bought a wand of acid (8) for 288 gold pieces
 12848 | Orc:2    | Bought a wand of enslavement (6) for 96 gold pieces
 12907 | Orc:2    | Bought a scroll of identify for 62 gold pieces
 12907 | Orc:2    | Bought a scroll of identify for 62 gold pieces
 13064 | D:10     | Bought a potion of brilliance for 56 gold pieces
 13492 | D:12     | Got a crude ring mail
 13507 | D:12     | Reached XP level 15. HP: 114/114 MP: 29/29
 13620 | D:12     | Learned a level 4 spell: Summon Ice Beast
 13894 | D:13     | Noticed Erolcha
 13903 | D:13     | Killed Erolcha
 13925 | D:13     | Noticed Maurice
 13929 | D:13     | Killed Maurice
 13972 | D:13     | Found a sacrificial altar of Ru.
 13999 | D:13     | Found Pajenk's Distillery.
 14096 | D:13     | Identified 2 scrolls of acquirement
 14150 | D:13     | Found a portal to a secret trove of treasure.
 14292 | D:13     | Got a pair of crude boots
 14298 | D:13     | Identified the +0 pair of boots "Inotuc" {MP+9 Stlth+} (You
                  | acquired it on level 13 of the Dungeon)
 14340 | D:14     | Identified the cursed +0 ring mail "Luaschoob" {Dex+4} (You
                  | found it on level 12 of the Dungeon)
 14798 | D:14     | Found a gate to the Vaults.
 15089 | D:15     | Entered Level 15 of the Dungeon
 15146 | D:15     | Found a staircase to the Depths.
 15162 | D:15     | Reached skill level 10 in Fighting
 15162 | D:15     | Reached skill level 10 in Short Blades
 15162 | D:15     | Reached skill level 10 in Long Blades
 15162 | D:15     | Reached skill level 10 in Axes
 15162 | D:15     | Reached skill level 10 in Maces & Flails
 15162 | D:15     | Reached skill level 10 in Polearms
 15162 | D:15     | Reached skill level 10 in Staves
 15162 | D:15     | Reached skill level 10 in Slings
 15162 | D:15     | Reached skill level 10 in Bows
 15162 | D:15     | Reached skill level 10 in Crossbows
 15162 | D:15     | Reached skill level 10 in Throwing
 15162 | D:15     | Reached skill level 10 in Armour
 15162 | D:15     | Reached skill level 10 in Shields
 15162 | D:15     | Reached skill level 10 in Unarmed Combat
 15162 | D:15     | Reached skill level 10 in Evocations
 16086 | Shoals:1 | Entered Level 1 of the Shoals
 16088 | Shoals:1 | Found a frozen archway.
 16105 | IceCv    | Entered an ice cave
 16393 | IceCv    | Noticed an Ice Fiend
 16423 | IceCv    | Killed an Ice Fiend
 16423 | IceCv    | Noticed an Ice Fiend
 16503 | IceCv    | Killed an Ice Fiend
 16872 | Shoals:2 | Noticed Aizul
 16897 | Shoals:2 | Killed Aizul
 16897 | Shoals:2 | Reached XP level 16. HP: 123/123 MP: 12/31
 17025 | Shoals:3 | Noticed a kraken
 17199 | Shoals:3 | Found a transporter.
 17464 | Shoals:4 | Entered Level 4 of the Shoals
 17647 | Shoals:4 | Got a fine short sword
 17653 | Shoals:4 | Identified the +6 short sword of True Grit {antimagic,
                  | Dex+4} (You found it on level 4 of the Shoals)
 17970 | Shoals:4 | Got a barnacled rune of Zot
 18032 | Shoals:4 | Found the +7 captain's cutlass {speed, disarm}
 18212 | Shoals:4 | Found the +8 orange crystal plate armour {Archmagi, Int+3
                  | Clar}
 18514 | Vaults:1 | Entered Level 1 of the Vaults
 18646 | Vaults:1 | Reached XP level 17. HP: 117/131 MP: 33/33
 19217 | Vaults:1 | Identified the cursed +1 robe of Jatijy {Str+4} (You found
                  | it on level 1 of the Vaults)
 19625 | Vaults:2 | Reached skill level 10 in Conjurations
 19625 | Vaults:2 | Reached skill level 10 in Hexes
 19625 | Vaults:2 | Reached skill level 10 in Charms
 19625 | Vaults:2 | Reached skill level 10 in Summonings
 19625 | Vaults:2 | Reached skill level 10 in Translocations
 19625 | Vaults:2 | Reached skill level 10 in Transmutations
 19625 | Vaults:2 | Reached skill level 10 in Fire Magic
 19625 | Vaults:2 | Reached skill level 10 in Ice Magic
 19625 | Vaults:2 | Reached skill level 10 in Air Magic
 19625 | Vaults:2 | Reached skill level 10 in Earth Magic
 19625 | Vaults:2 | Reached skill level 10 in Poison Magic
 19830 | Vaults:2 | Reached XP level 18. HP: 139/139 MP: 34/34
 19840 | Vaults:2 | Noticed Nikola
 19858 | Vaults:2 | Killed Nikola
 20089 | Vaults:2 | Noticed Mara
 20092 | Vaults:2 | Noticed MordorOrchid's illusion
 20174 | Vaults:2 | Killed from afar by Mara (illusionary)

Skill      XL: |  1  2  3  4  5  6  7  8  9 10 11 12 13 14 15 16 17 |
---------------+----------------------------------------------------+-----
Fighting       | 1 2 3 4 5 6 7 8 9 10 11 | 11.8
Short Blades   | 1 2 3 4 5 6 7 8 9 10 11 | 11.8
Long Blades    | 1 2 3 4 5 6 7 8 9 10 11 | 11.8
Axes           | 1 2 3 4 5 6 7 8 9 10 11 | 11.8
Maces & Flails | 1 2 3 4 5 6 7 8 9 10 11 | 11.8
Polearms       | 1 2 3 4 5 6 7 8 9 10 11 | 11.8
Staves         | 1 2 3 4 5 6 7 8 9 10 11 | 11.8
Slings         | 1 2 3 4 5 6 7 8 9 10 11 | 11.8
Bows           | 1 2 3 4 5 6 7 8 9 10 11 | 11.8
Crossbows      | 1 2 3 4 5 6 7 8 9 10 11 | 11.8
Throwing       | 1 2 3 4 5 6 7 8 9 10 11 | 11.8
Armour         | 1 2 3 4 5 6 7 8 9 10 11 | 11.8
Shields        | 1 2 3 4 5 6 7 8 9 10 11 | 11.8
Unarmed Combat | 1 2 3 4 5 6 7 8 9 10 11 | 11.8
Spellcasting   | 5 6 7 8 9 10 11 12 | 12.7
Conjurations   | 1 2 3 4 5 6 7 8 9 10 | 10.1
Hexes          | 1 2 3 4 5 6 7 8 9 10 | 10.1
Charms         | 1 2 3 4 5 6 7 8 9 10 | 10.1
Summonings     | 1 2 3 4 5 6 7 8 9 10 | 10.1
Translocations | 1 2 3 4 5 6 7 8 9 10 | 10.1
Transmutations | 1 2 3 4 5 6 7 8 9 10 | 10.1
Fire Magic     | 1 2 3 4 5 6 7 8 9 10 | 10.1
Ice Magic      | 1 2 3 4 5 6 7 8 9 10 | 10.1
Air Magic      | 1 2 3 4 5 6 7 8 9 10 | 10.1
Earth Magic    | 1 2 3 4 5 6 7 8 9 10 | 10.1
Poison Magic   | 1 2 3 4 5 6 7 8 9 10 | 10.1
Invocations    | 1 2 3 4 5 6 7 8 9 10 11 12 | 12.8
Evocations     | 1 2 3 4 5 6 7 8 9 10 11 | 11.8
Dodging        | 5 6 7 8 9 10 11 12 | 12.6
Stealth        | 5 6 7 8 9 10 11 12 | 12.4
Necromancy     | 8 9 10 11 12 | 12.1

Action                   |  1- 3 |  4- 6 |  7- 9 | 10-12 | 13-15 | 16-18 || total
-------------------------+-------+-------+-------+-------+-------+-------++-------
Melee: Dagger            |    28 |     1 |     2 |       |       |       ||    31
       Bite              |     5 |    13 |    27 |   125 |   210 |   112 ||   492
       Spear             |    11 |   152 |    22 |       |    46 |     8 ||   239
       Long sword        |       |    21 |   134 |       |   270 |   423 ||   848
       Mace              |       |       |   103 |   525 |   668 |       ||  1296
       Short sword       |       |       |       |    11 |    24 |       ||    35
       Demon trident     |       |       |       |       |       |    37 ||    37
 Fire: Hunting sling     |       |    21 |    10 |    19 |    33 |     4 ||    87
Throw: Stone             |       |     3 |       |       |       |       ||     3
       Tomahawk          |       |       |     1 |     7 |   127 |    43 ||   178
       Javelin           |       |       |       |       |       |     6 ||     6
 Cast: Pain              |     8 |    43 |    37 |    15 |     1 |       ||   104
       Animate Skeleton  |     8 |    24 |    23 |    56 |    75 |    37 ||   223
       Regeneration      |       |     3 |     3 |     4 |    20 |    14 ||    44
       Vampiric Draining |       |     3 |     7 |     9 |     8 |       ||    27
       Animate Dead      |       |       |     4 |    11 |    34 |    17 ||    66
       Confuse           |       |       |       |    12 |    12 |       ||    24
       Tukima's Dance    |       |       |       |     4 |       |       ||     4
       Mephitic Cloud    |       |       |       |     2 |    59 |    65 ||   126
       Airstrike         |       |       |       |    11 |    82 |   164 ||   257
       Conjure Flame     |       |       |       |       |    14 |       ||    14
       Summon Ice Beast  |       |       |       |       |    23 |    59 ||    82
Invok: Bend Time         |       |       |       |     5 |    30 |    12 ||    47
       Slouch            |       |       |       |       |     8 |    12 ||    20
       Temporal Distorti |       |       |       |       |     1 |       ||     1
       Step From Time    |       |       |       |       |     1 |       ||     1
 Abil: Blink             |       |       |       |     4 |     7 |     9 ||    20
       Stop Flying       |       |       |       |       |       |     1 ||     1
       Evoke Flight      |       |       |       |       |       |     1 ||     1
Evoke: Wand              |       |       |     6 |    16 |    23 |    16 ||    61
       Staff of energy   |       |       |       |     6 |    15 |    88 ||   109
       Phial of floods   |       |       |       |     1 |     1 |     1 ||     3
       Lamp of fire      |       |       |       |       |     1 |     2 ||     3
       Sack of spiders   |       |       |       |       |       |     6 ||     6
  Use: Potion            |     4 |       |       |     4 |     2 |     3 ||    13
       Scroll            |       |     5 |    10 |    10 |    16 |     8 ||    49
 Stab: Sleeping          |     3 |     7 |     6 |    11 |    18 |       ||    45
       Distracted        |       |     1 |     1 |     7 |    12 |     5 ||    26
       Paralysed         |       |       |     7 |       |       |     6 ||    13
       Confused          |       |       |       |     4 |    57 |    52 ||   113
       Invisible         |       |       |       |     2 |       |       ||     2
  Eat: Chunk             |       |     5 |     6 |     9 |    19 |    11 ||    50
       Ration            |       |       |       |       |     1 |     2 ||     3
Armor: Robe              |     7 |     2 |       |       |       |       ||     9
       Leather armour    |       |    21 |    13 |       |       |       ||    34
       Ring mail         |       |       |    53 |     7 |       |       ||    60
       Chain mail        |       |       |       |    58 |   135 |    28 ||   221
       Scale mail        |       |       |       |    65 |   123 |       ||   188
       Crystal plate arm |       |       |       |       |       |   151 ||   151
Dodge: Dodged            |    29 |   115 |   177 |   422 |   675 |   231 ||  1649
Block: Buckler           |       |    21 |    92 |   264 |   455 |   218 ||  1050
       Rpst.: Long sword |       |     4 |    26 |       |    36 |    38 ||   104
